 Dungeon Crawl Stone Soup version 0.19-a0-1532-g228a5d9 (console) character file.

183978 utis the Eclecticist (level 17, 100/100 HPs)
             Began as a Deep Elf Air Elementalist on Aug 29, 2016.
             Was the Champion of Sif Muna.
             Quit the game on level 3 of the Snake Pit on Sept 13, 2016.
             The game lasted 05:26:15 (61945 turns).

utis the Eclecticist (Deep Elf Air Elementalist)   Turns: 61945, Time: 05:26:16

Health: 100/100    AC: 33    Str: 10    XL:     17   Next: 76%
Magic:  41/41      EV: 15    Int: 26    God:    Sif Muna [******]
Gold:   2176       SH:  0    Dex: 15    Spells: 16 memorised, 5 levels left

rFire  . . .     SeeInvis .     D - +9 great sword (vamp)
rCold  + + .     Gourm    .     L - +9 ice dragon armour "Qaimn" {rF- rC++ Regen+}
rNeg   . . .     Faith    .     (shield currently unavailable)
rPois  +         Spirit   .     k - +2 helmet {Int+3}
rElec  .         Dismiss  .     t - +2 cloak
rCorr  .         Reflect  .     y - +2 pair of gloves
MR     +....     Harm     .     e - +1 pair of boots {run}
Stlth  +.........               (no amulet)
                                F - ring of protection from fire {=R}
                                P - ring of poison resistance

@: regenerating, repel missiles, divine energy, quick
A: no striking features
a: Stop Divine Energy, Channel Magic, Forget Spell, Renounce Religion


You were on level 3 of the Snake Pit.
You worshipped Sif Muna.
Sif Muna was exalted by your worship.
You were not hungry.

You visited 5 branches of the dungeon, and saw 28 of its levels.
You also visited: Labyrinth, Ossuary and Ice Cave.

You collected 2653 gold pieces.
You spent 477 gold pieces at shops.

Inventory:

Hand Weapons
 c - a +3 blowgun {@w1}
 D - a +9 vampiric great sword (weapon)
Missiles
 m - 17 curare-tipped needles {=f}
 s - 8 needles of frenzy
 x - 94 poisoned needles
Armour
 a - the +0 helmet of Autumn {rElec}
   (You found it on level 4 of the Snake Pit)

   It insulates you from electricity.
 e - a +1 pair of boots of running (worn)
 k - a +2 helmet of intelligence (worn)
 t - a +2 cloak (worn)
 y - a +2 pair of gloves (worn)
 L - the +9 ice dragon armour "Qaimn" (worn) {rF- rC++ Regen+}
   (You found it in an ice cave)

   It makes you vulnerable to fire.
   It greatly protects you from cold.
   It increases your rate of regeneration.
Jewellery
 n - an uncursed ring of positive energy
 v - an uncursed ring of see invisible
 C - an uncursed ring of ice {=f}
 F - a ring of protection from fire (right hand) {=R}
 G - the ring "Zaapib" {EV+3 Slay+3}
   (You found it on level 6 of the Lair of Beasts)

   [ring of evasion]

   It affects your evasion (+3).
   It affects your accuracy and damage with ranged weapons and melee attacks
   (+3).
 M - an uncursed ring of protection from magic
 P - a ring of poison resistance (left hand)
Wands
 j - a wand of digging (4/24)
 E - a wand of paralysis (9/24)
 Q - a wand of digging (15/24)
 S - a wand of acid (5/15)
 U - a wand of teleportation (1/9) {@v4}
 Z - a wand of heal wounds (1/9) {@v2}
Scrolls
 g - a scroll of fog
 l - 4 scrolls of teleportation {@r4}
 q - 2 scrolls of magic mapping
 u - 3 scrolls of identify {@r1}
 z - 5 scrolls of blinking
 B - a scroll of summoning
 I - 3 scrolls of fear
Potions
 h - 2 potions of cancellation
 i - 2 potions of agility
 p - 2 potions of magic
 r - 10 potions of curing {@q1}
 K - a potion of invisibility
 N - 5 potions of might
 T - 2 potions of heal wounds {@q2}
 V - 5 potions of flight
Books
 o - Zianyuxt's Papyrus of the Snowflakes
   (Sif Muna gifted it to you on level 3 of the Snake Pit)

   Spells                             Type                      Level
   a - Throw Frost                    Conjuration/Ice              2
   b - Throw Icicle                   Conjuration/Ice              4
   c - Metabolic Englaciation         Hexes/Ice                    5
   d - Bolt of Cold                   Conjuration/Ice              6
   e - Freezing Cloud                 Conjuration/Ice/Air          6
Miscellaneous
 H - a box of beasts
 J - a fan of gales
 O - a lamp of fire
 W - a sack of spiders
Comestibles
 d - 4 bread rations {@e1}
 f - 9 beef jerkies {@e2}
 w - 4 meat rations {@e1}
 R - a fruit {@e2}
 X - 4 slices of pizza {@e2}
 Y - 12 royal jellies {@e3}


   Skills:
 + Level 9.6 Fighting
   Level 6.8(8.8) Short Blades
 * Level 7.9(8.9) Long Blades
 + Level 8.3 Armour
 * Level 14.3 Dodging
 - Level 2.4 Stealth
 - Level 18.0 Spellcasting
 - Level 14.2 Conjurations
 - Level 16.4 Hexes
 - Level 4.0 Charms
 - Level 3.0 Summonings
 - Level 6.1 Necromancy
 - Level 4.0 Translocations
 - Level 9.4 Air Magic
   Level 3.5 Earth Magic


You had 5 spell levels left.
You knew the following spells:

 Your Spells              Type           Power        Failure   Level  Hunger
b - Lightning Bolt        Conj/Air       ######....   3%          5    None
c - Confuse               Hex            #######.     1%          3    None
d - Mephitic Cloud        Conj/Pois/Air  ######..     1%          3    None
f - Conjure Flame         Conj/Fire      ######..     2%          3    None
g - Shroud of Golubria    Chrm/Tloc      #####.....   4%          2    None
k - Tukima's Dance        Hex            #######.     1%          3    None
n - Bolt of Draining      Conj/Necr      ######....   8%          5    None
r - Repel Missiles        Chrm/Air       ######       1%          2    None
t - Static Discharge      Conj/Air       ######..     1%          3    None
v - Blink                 Tloc           N/A          4%          2    None
w - Slow                  Hex            #######.     1%          2    None
B - Summon Butterflies    Summ           #####...     4%          1    None
I - Invisibility          Hex            #######.     2%          6    ###....
W - Swiftness             Chrm/Air       ######..     1%          2    None
X - Regeneration          Chrm/Necr      #####.....   6%          3    None
Y - Sublimation of Blood  Necr           ######....   1%          2    None


Dungeon Overview and Level Annotations

Branches:
Dungeon (15/15)            Temple (0/1) D:5            Lair (6/6) D:8
 Shoals (0/4) Lair:4        Snake (4/4) Lair:2        Slime (0/5) Lair:5
    Orc (2/2) D:12            Elf (0/3) Orc:2        Vaults (0/5) D:14
 Depths (1/5) D:15

Altars:
Ashenzari
Fedhas
Makhleb
Sif Muna
Xom
Jiyva

Shops:
D:9 ?   D:14 (   Orc:2 *[}[   Snake:1 ?   Snake:4 =

Annotations:
D:6 7 exclusions
Lair:4 10 exclusions
Lair:6 happinesssam's ghost, journeyman HEAE
Snake:3 3 runed doors, Vashnia
Depths:1 the Enchantress


Message History

You miscast Regeneration.
Sif Muna protects you from the effects of your miscast!
Unknown command.
Unknown command.
Casting: Regeneration
Confirm with . or Enter, or press ? or * to list all spells.
Your skin crawls.
You start resting.
HP restored.
You start resting.
Magic restored.
Saving game... please wait.
Level annotation: 3 runed doors, Vashnia Lua error: /dgldir/rcfiles/crawl-git/utis.rc:580: unexpected symbol near '#' Welcome back, utis the Deep Elf Air Elementalist.
Sif Muna whispers: I know many secrets...
Press ? for a list of commands and other information.
Unknown command.
Unknown command.
Are you sure you want to abandon this character and quit the game? (Confirm with "yes".)

................░
░░░░░...........░
░░..............░░░░
.+.................░
░░....░...➘.....░░.░
......░.........░░.░
......░░░░░░░░░░░░.░
......░░.........░.░
...............÷e░.░░░
░......░.........░.░<░
░.░░+░.........░░░.░.░
...............░░░.░.░
...............'...░.░
...............░░░░░.░
.....................░
..░..░.......░..░░░░░░
..░..░.......░......░


There were no monsters in sight!

Vanquished Creatures
  Kirke (D:13)
  Agnes (D:15)
  4 greater nagas
  A fire giant (D:15)
  Aizul (Snake:3)
  Nessos (D:15)
  Azrael (D:13)
  The ghost of RogueShenanigans the Cleaver, a journeyman DDGl of Makhleb (IceCv)
  A minotaur (Lab)
  Snorg (D:13)
  Josephine (D:14)
  10 naga warriors
  Erolcha (D:11)
  13 hydras
  A death knight (D:15)
  3 centaur warriors
  9 anacondas
  2 dancing weapons (D:14)
  5 ogre magi
  3 catoblepae (Lair:6)
  A tengu warrior (D:14)
  23 death yaks
  An orc high priest (Orc:1)
  7 shock serpents
  Urug (D:11)
  10 naga sharpshooters
  Sonja (Lair:3)
  2 sea snakes
  7 unseen horrors
  A salamander mystic (Snake:3)
  A fire crab (shapeshifter) (D:14)
  A skeletal warrior (D:15)
  5 naga ritualists
  2 wizards (D:11)
  A wolf spider zombie (D:13)
  8 hill giants
  A phantasmal warrior (D:15)
  3 deep elf magi
  A griffon (D:15)
  2 orc knights
  7 mana vipers
  10 salamanders
  8 ugly things
  16 elephants
  2 cyclopes
  A manticore (D:15)
  Joseph (D:11)
  4 guardian serpents
  31 black mambas
  3 ice statues (IceCv)
  A siren (Lair:4)
  A torpor snail (Lair:6)
  17 naga magi
  4 gargoyles
  8 spiny frogs
  4 kobold demonologists (D:12)
  11 rime drakes
  An efreet (D:15)
  4 freezing wraiths
  19 komodo dragons
  6 yaktaurs
  3 tengu conjurers
  A queen bee (Lair:2)
  3 meliai (D:14)
  The ghost of Gruesome the Slasher, an amateur FoFi (D:3)
  7 trolls
  16 two-headed ogres
  21 blink frogs
  3 dream sheep (Lair:6)
  A hornet zombie (D:15)
  A boulder beetle (Lair:4)
  A centaur simulacrum (D:14)
  2 vampires (D:15)
  6 wraiths
  A human (shapeshifter) (D:15)
  38 yaks
  5 fire elementals (D:13)
  9 wyverns
  A hog (D:13)
  13 hippogriffs
  4 basilisks
  2 hungry ghosts (D:12)
  A steam dragon (D:12)
  2 mottled dragons
  2 wargs
  39 nagas
  11 water moccasins
  8 porcupines
  A soldier ant (D:11)
  2 hell hounds (D:13)
  20 orc warriors
  11 ice beasts
  6 sky beasts
  An eye of draining (D:14)
  38 ogres
  6 necrophages (D:9)
  2 phantoms
  6 wolves (Lair:1)
  3 boggarts (D:14)
  12 centaurs
  16 crocodiles
  4 big kobolds
  26 giant frogs
  6 jellies
  2 wyvern zombies
  43 killer bees
  3 scorpions
  2 electric eels
  14 wights
  10 howler monkeys
  8 giant frog zombies
  9 crimson imps
  A quasit (D:11)
  15 two-headed ogre zombies (D:11)
  9 centaur zombies
  8 hounds
  8 centaur skeletons
  20 orc priests
  2 giant frog skeletons
  24 orc wizards
  20 iguanas
  15 worker ants
  A killer bee zombie (Ossuary)
  6 hound zombies
  4 hound skeletons
  14 mummies (Ossuary)
  2 howler monkey zombies
  5 worker ant zombies
  14 adders
  3 gnolls (D:2)
  40 river rats
  5 shadow imps
  A white imp (D:4)
  An ooze (D:2)
  4 adder zombies
  2 adder skeletons
  3 worms
  4 dart slugs
  9 giant geckos
  93 orcs
  A ball python (D:4)
  7 giant cockroaches
  7 goblins
  10 hobgoblins
  5 jackals
  4 quokkas
  7 bats
  A giant cockroach zombie (Ossuary)
  A giant gecko zombie (Ossuary)
  7 giant newts
  A jackal skeleton (D:7)
  30 kobolds
  A quokka zombie (D:9)
  12 rats
  A butterfly (Lair:2)
1180 creatures vanquished.

Vanquished Creatures (collateral kills)
  A troll (D:15)
1 creature vanquished.

Vanquished Creatures (others)
  A salamander (Snake:1)
  A black mamba (Snake:4)
  3 hogs (D:13)
  A naga (Snake:4)
  20 fungi
  23 plants
  6 withered plants
55 creatures vanquished.

Grand Total: 1236 creatures vanquished

Notes
Turn   | Place    | Note
-------+----------+-------------------------------------------
     0 | D:1      | utis the Deep Elf Air Elementalist began the quest for the Orb.
     0 | D:1      | Reached XP level 1. HP: 10/10 MP: 6/6
   371 | D:1      | Reached XP level 2. HP: 15/15 MP: 5/8
   401 | D:1      | Learned a level 2 spell: Repel Missiles
   404 | D:1      | Learned a level 2 spell: Swiftness
  1678 | D:2      | Reached XP level 3. HP: 17/19 MP: 3/9
  2167 | D:2      | Learned a level 3 spell: Static Discharge
  2450 | D:2      | Reached XP level 4. HP: 24/24 MP: 8/10
  3379 | D:2      | Found a deep blue altar of Sif Muna.
  3388 | D:2      | Became a worshipper of Sif Muna the Loreminder
  3707 | D:3      | Noticed Gruesome's ghost (amateur FoFi)
  3766 | D:3      | Reached XP level 5. HP: 26/28 MP: 8/12
  4019 | D:3      | Reached skill level 4 in Spellcasting
  4482 | D:3      | Found a blossoming altar of Fedhas.
  5637 | D:4      | Reached XP level 6. HP: 10/32 MP: 9/14
  6016 | D:3      | Killed Gruesome's ghost
  6016 | D:3      | Reached skill level 5 in Dodging
  6016 | D:3      | Reached skill level 5 in Spellcasting
  6539 | D:4      | Reached * piety under Sif Muna
  6564 | D:4      | Reached XP level 7. HP: 36/36 MP: 16/16
  6954 | D:5      | Entered Level 5 of the Dungeon
  7218 | D:5      | Reached skill level 5 in Conjurations
  7421 | D:5      | Found a staircase to the Ecumenical Temple.
  7863 | D:5      | Reached skill level 6 in Spellcasting
  7863 | D:5      | Reached skill level 5 in Air Magic
  8272 | D:5      | Reached skill level 1 in Fighting
  8272 | D:5      | Reached XP level 8. HP: 30/43 MP: 16/19
  8806 | D:6      | Got a fine dagger
  8816 | D:6      | Found a sand-covered staircase.
  8820 | D:6      | Identified the cursed +3 dagger of Rufippad {drain, rF+ Dex+3 SInv} (You found it on level 6 of the Dungeon)
  8825 | Ossuary  | Entered an ossuary
  8855 | Ossuary  | Reached skill level 1 in Short Blades
 11488 | D:6      | Found a shimmering altar of Xom.
 11884 | D:7      | Reached XP level 9. HP: 50/52 MP: 10/20
 12433 | D:7      | Found a burning altar of Makhleb.
 12593 | D:7      | Learned a level 5 spell: Lightning Bolt
 13118 | D:7      | Reached ** piety under Sif Muna
 13468 | D:8      | Reached skill level 1 in Armour
 14004 | D:8      | Reached skill level 10 in Dodging
 14072 | D:8      | Reached skill level 5 in Fighting
 14324 | D:8      | Noticed a komodo dragon
 14356 | D:8      | Killed a komodo dragon
 14600 | D:8      | Found a staircase to the Lair.
 14862 | D:8      | Noticed a five-headed hydra
 15168 | D:8      | Reached XP level 10. HP: 60/60 MP: 17/21
 15202 | D:8      | Found Hukhilaz's Food Boutique.
 18485 | D:9      | Found Kiarph Cenee's Magic Scroll Shoppe.
 18889 | D:10     | Entered Level 10 of the Dungeon
 19100 | D:10     | Noticed an unseen horror
 19112 | D:10     | Killed an unseen horror
 19112 | D:10     | Reached *** piety under Sif Muna
 19112 | D:10     | Reached skill level 7 in Spellcasting
 19112 | D:10     | Reached XP level 11. HP: 41/66 MP: 0/23
 19238 | D:9      | meh
 20621 | D:10     | Noticed a hill giant
 20681 | D:9      | idiot, me
 20700 | D:9      | Reached skill level 5 in Short Blades
 21013 | D:10     | Noticed an unseen horror
 21049 | D:10     | Killed an unseen horror
 21532 | D:10     | Killed a hill giant
 22458 | D:10     | Noticed a hill giant
 22534 | D:10     | Killed a hill giant
 22889 | D:11     | Noticed Joseph
 23026 | D:11     | Noticed a wizard
 23049 | D:11     | Killed a wizard
 23309 | D:11     | Noticed an orc knight
 23377 | D:11     | Killed an orc knight
 23377 | D:11     | Reached skill level 8 in Spellcasting
 23573 | D:11     | Noticed a wizard
 23598 | D:11     | Killed a wizard
 23598 | D:11     | Reached **** piety under Sif Muna
 23855 | D:11     | Noticed Urug
 23966 | D:11     | Killed Urug
 24258 | D:11     | Noticed an enchanted demon blade
 24302 | D:11     | Killed Joseph
 24302 | D:11     | Reached XP level 12. HP: 72/72 MP: 14/26
 25439 | D:11     | Noticed Erolcha
 25448 | D:11     | Killed Erolcha
 25639 | D:11     | Reached skill level 9 in Spellcasting
 26485 | D:12     | hmmmmm
 26896 | D:12     | Reached skill level 1 in Long Blades
 27584 | D:9      | Bought 2 scrolls of identify for 44 gold pieces
 28655 | D:12     | Found a staircase to the Orcish Mines.
 29025 | D:13     | Identified the +9 falchion of the Turnip {freeze, Str+3 Dex+5} (You found it on level 13 of the Dungeon)
 29027 | D:13     | hmmmm
 29095 | D:13     | Noticed a centaur warrior
 29103 | D:13     | Killed a centaur warrior
 29458 | D:13     | Reached skill level 5 in Armour
 29458 | D:13     | Reached XP level 13. HP: 17/78 MP: 8/28
 29782 | D:13     | Noticed Snorg
 29804 | D:13     | Killed Snorg
 30043 | D:13     | ooops
 30117 | D:13     | Noticed Azrael
 30334 | D:13     | Noticed Kirke
 30342 | D:13     | Killed Kirke
 30648 | D:8      | Reached ***** piety under Sif Muna
 30660 | Lair:1   | Entered Level 1 of the Lair of Beasts
 31056 | Lair:1   | Reached skill level 5 in Long Blades
 32406 | Lair:1   | hmmm
 33442 | Lair:2   | Identified Sif Muna's Incunabulum of Displaced Earth (Sif Muna gifted it to you on level 2 of the Lair of Beasts)
 33442 | Lair:2   | Received a gift from Sif Muna
 33468 | Lair:2   | Learned a level 6 spell: Iron Shot
 33767 | Lair:2   | Reached skill level 1 in Earth Magic
 34412 | Lair:2   | Found a staircase to the Snake Pit.
 34664 | Lair:2   | Reached skill level 10 in Spellcasting
 34950 | Lair:2   | Reached skill level 10 in Conjurations
 35319 | Lair:3   | Found a labyrinth entrance.
 35333 | Lab      | Entered a labyrinth
 36253 | Lab      | Noticed a minotaur
 36281 | Lab      | Killed a minotaur
 36305 | Lab      | Identified Joasohei's Tome of Earthen Conjuration
 36336 | Lab      | Learned a level 3 spell: Spider Form
 36350 | Lair:3   | not faster anymore
 36373 | Lair:3   | Learned a level 5 spell: Bolt of Draining
 36376 | Lair:3   | Learned a level 2 spell: Sublimation of Blood
 36398 | Lair:3   | Noticed Sonja
 36477 | Lair:3   | Reached skill level 1 in Necromancy
 37146 | Lair:3   | Killed Sonja
 37146 | Lair:3   | Reached skill level 11 in Spellcasting
 38023 | Lair:4   | Reached XP level 14. HP: 77/84 MP: 31/31
 38115 | Lair:4   | Found a frozen archway.
 38136 | Lair:4   | ooooops
 38143 | IceCv    | Entered an ice cave
 38693 | IceCv    | Noticed RogueShenanigans's ghost (journeyman DDGl)
 38718 | IceCv    | Received a gift from Sif Muna
 38760 | IceCv    | Killed RogueShenanigans's ghost
 39078 | IceCv    | Got an amber-encrusted ice dragon armour
 39098 | IceCv    | Identified the +9 ice dragon armour "Qaimn" {rF- rC++ Regen+} (You found it in an ice cave)
 39101 | IceCv    | Learned a level 2 spell: Blink
 39105 | IceCv    | Learned a level 3 spell: Mephitic Cloud
 39108 | IceCv    | Learned a level 2 spell: Slow
 39108 | IceCv    | Upgraded the game from 0.19-a0-1268-g6c5d9f8 to 0.19-a0-1292-g796ee4d
 39236 | Lair:4   | Reached skill level 1 in Hexes
 39457 | Lair:4   | Reached skill level 5 in Hexes
 40272 | Lair:4   | Reached skill level 12 in Spellcasting
 40796 | Lair:4   | Found a staircase to the Shoals.
 41460 | Lair:5   | You fall through a shaft!
 41460 | Lair:6   | Entered Level 6 of the Lair of Beasts
 41623 | Lair:5   | Found a viscous altar of Jiyva.
 41624 | Lair:5   | Found a staircase to the Slime Pits.
 42815 | Lair:5   | Learned a level 3 spell: Conjure Flame
 42923 | Lair:6   | crap
 43021 | Lair:6   | Identified Sif Muna's Incunabulum of Boosting Conjuration (Sif Muna gifted it to you on level 6 of the Lair of Beasts)
 43021 | Lair:6   | Received a gift from Sif Muna
 43081 | Lair:6   | Reached XP level 15. HP: 89/89 MP: 29/33
 43123 | Lair:6   | Noticed happinesssam's ghost (journeyman HEAE)
 44567 | Lair:6   | Got a translucent bone ring
 44569 | Lair:6   | Identified the ring "Zaapib" {EV+3 Slay+3} (You found it on level 6 of the Lair of Beasts)
 44596 | Lair:6   | Learned a level 1 spell: Summon Butterflies
 44753 | Lair:6   | wtf
 44796 | Lair:6   | Reached skill level 1 in Summonings
 45067 | Lair:6   | Reached skill level 1 in Translocations
 45601 | Orc:1    | Entered Level 1 of the Orcish Mines
 46276 | Orc:1    | Learned a level 2 spell: Shroud of Golubria
 46282 | Orc:2    | Entered Level 2 of the Orcish Mines
 46516 | Orc:2    | Reached skill level 1 in Charms
 46909 | Orc:2    | Identified Sif Muna's Catalogue of Sinister Glamour (Sif Muna gifted it to you on level 2 of the Orcish Mines)
 46909 | Orc:2    | Received a gift from Sif Muna
 47027 | Orc:2    | Found a staircase to the Elven Halls.
 47124 | Orc:2    | Reached skill level 13 in Spellcasting
 47139 | Orc:2    | Paralysed by an ogre mage for 7 turns
 47322 | Orc:2    | Found Gaujefash's Gadget Boutique.
 47322 | Orc:2    | Found Fegut's Assorted Antiques.
 47323 | Orc:2    | Found Isileq's Antique Armour Emporium.
 47323 | Orc:2    | Found Rawnatusk's Armour Boutique.
 47420 | Orc:2    | Bought a cloak for 99 gold pieces
 47572 | D:9      | Bought a scroll of teleportation for 33 gold pieces
 47572 | D:9      | Bought a scroll of summoning for 104 gold pieces
 47572 | D:9      | Bought a scroll of teleportation for 33 gold pieces
 47572 | D:9      | Bought a scroll of enchant armour for 82 gold pieces
 47572 | D:9      | Bought a scroll of blinking for 82 gold pieces
 48062 | D:13     | Reached skill level 5 in Necromancy
 48689 | D:13     | Killed Azrael
 48987 | D:14     | Reached skill level 14 in Spellcasting
 49008 | D:14     | Found a gate to the Vaults.
 49177 | D:14     | Found a shattered altar of Ashenzari.
 49252 | D:14     | Reached XP level 16. HP: 96/96 MP: 34/36
 49333 | D:14     | Found Tuyho's Antique Weapon Emporium.
 49338 | D:14     | Noticed Josephine
 49350 | D:14     | Killed Josephine
 50139 | D:15     | Entered Level 15 of the Dungeon
 50139 | D:15     | Noticed Agnes
 50202 | D:15     | Reached skill level 10 in Hexes
 50340 | D:15     | Identified Sif Muna's Grimoire of the Captivating Snowflakes (Sif Muna gifted it to you on level 15 of the Dungeon)
 50340 | D:15     | Received a gift from Sif Muna
 50373 | D:15     | Reached skill level 15 in Spellcasting
 50412 | D:15     | Learned a level 3 spell: Confuse
 50416 | D:15     | Learned a level 3 spell: Tukima's Dance
 50625 | D:15     | Noticed Nessos
 50640 | D:15     | Killed Nessos
 51014 | D:15     | Found a staircase to the Depths.
 51050 | D:15     | Killed Agnes
 51468 | D:15     | sigh
 51898 | D:15     | Found a staircase to the Depths.
 52647 | D:15     | Found a staircase to the Depths.
 53266 | D:15     | Found a staircase to the Depths.
 53311 | D:15     | Identified Xeph's Volume of Quantum Black Secrets (Sif Muna gifted it to you on level 15 of the Dungeon)
 53311 | D:15     | Received a gift from Sif Muna
 53677 | Depths:1 | Entered Level 1 of the Depths
 53677 | Depths:1 | Noticed the Enchantress
 53731 | D:15     | Reached skill level 16 in Spellcasting
 54152 | Snake:1  | Entered Level 1 of the Snake Pit
 54276 | Lair:5   | Learned a level 6 spell: Invisibility
 54504 | D:12     | Learned a level 3 spell: Regeneration
 54508 | D:12     | Upgraded the game from 0.19-a0-1292-g796ee4d to 0.19-a0-1442-g3b32ff5
 54983 | Snake:1  | Found Pioheod's Magic Scroll Shop.
 55479 | Snake:1  | Upgraded the game from 0.19-a0-1442-g3b32ff5 to 0.19-a0-1490-g5dd3618
 57318 | Snake:2  | Reached XP level 17. HP: 81/100 MP: 18/39
 57869 | Snake:3  | Noticed Aizul
 57880 | Snake:3  | ay ay ay
 57880 | Snake:3  | don't fool around with aizul
 57880 | Snake:3  | HP: 4/100 [poisoned by Aizul (bolt of poison)]
 57995 | Snake:2  | hmmmm
 57995 | Snake:2  | I'll risk it.
 58006 | Snake:3  | Killed Aizul
 58247 | Snake:3  | Reached skill level 17 in Spellcasting
 58277 | Snake:3  | Identified a +0 pair of boots of running (You found it on level 3 of the Snake Pit)
 58369 | Snake:3  | Identified Zianyuxt's Papyrus of the Snowflakes (Sif Muna gifted it to you on level 3 of the Snake Pit)
 58369 | Snake:3  | Received a gift from Sif Muna
 59047 | Snake:3  | Noticed Vashnia
 59439 | Snake:3  | Found a runed gate.
 59439 | Snake:3  | Found a runed gate.
 59439 | Snake:3  | Found a runed gate.
 59888 | Snake:4  | Entered Level 4 of the Snake Pit
 59941 | Snake:4  | Got a heavily runed ring mail
 59958 | Snake:4  | Identified the +4 ring mail of Pride {rPois rF+} (You found it on level 4 of the Snake Pit)
 59998 | Snake:4  | Got a heavily runed helmet
 60027 | Snake:4  | Identified the cursed +0 helmet of Autumn {rElec} (You found it on level 4 of the Snake Pit)
 60734 | Snake:4  | Upgraded the game from 0.19-a0-1490-g5dd3618 to 0.19-a0-1498-g0b85ae9
 60904 | Snake:4  | Reached skill level 18 in Spellcasting
 61344 | Snake:4  | Identified Sif Muna's Disquisition on Quantum Summoning (Sif Muna gifted it to you on level 4 of the Snake Pit)
 61344 | Snake:4  | Received a gift from Sif Muna
 61344 | Snake:4  | Reached skill level 15 in Hexes
 61518 | Snake:4  | Found Xufasavu's Jewellery Boutique.
 61660 | Snake:4  | Reached ****** piety under Sif Muna
 61945 | Snake:3  | Upgraded the game from 0.19-a0-1498-g0b85ae9 to 0.19-a0-1532-g228a5d9
 61945 | Snake:3  | Quit the game

Vault maps used:
D:1:      dpeg_arrival_ternary
D:2:      lemuel_coloured_pillars_altar, minmay_misc_feat_nine_boxes,
          minmay_tromino_mix6
D:3:      nicolae_overflow_crystal_walls
D:4:      minmay_fire_ice_demons
D:5:      first_bread
D:6:      xom_teletrap_fun, enter_ossuary_5, minmay_lizard_king
D:7:      makhleb_heckhound_becter
D:8:      erik_lair_dragon, serial_shops, shop, grunt_ogre_cave,
          minmay_three_doors
D:9:      serial_undead, serial_undead_e, serial_undead_e, serial_undead_a,
          serial_undead_e, serial_undead_f, serial_shops,
          nicolae_shop_temple_entry_statues_fountains
D:10:     minmay_distorted_concentric_squares
D:11:     lemuel_ogre_cave, minmay_misc_feat_square, minmay_misc_feat_enclosed,
          minmay_item_behind_shaft, sword_in_stone
D:12:     david_orc_4
D:13:     uniq_kirke, uniq_snorg, uniq_azrael
D:14:     erik_vaults_1, serial_shops, shop, evilmike_ruin_ashenzari,
          spider_trap, uniq_josephine
D:15:     grunt_enter_depths_giant_problem, hangedman_decor_lopped, uniq_nessos,
          uniq_agnes
Lair:1:   grunt_megastairs_5
Lair:2:   minmay_snake_entry_guardpost_medium, special_room,
          beast_lair_carwin_6, lemuel_fruit_fields, uniq_urug
Lair:3:   lab_entry_generic, infiniplex_staircase_pool_2, uniq_sonja
Lair:4:   minmay_shoals_entry_lonely_mermaid, special_room,
          portal_ice_cave_rime, serial_bayou_shore_a, lemuel_fruit_fields
Lair:5:   dpeg_slime_entry_enclosed_altar, grunt_megastairs_3,
          serial_bayou_shore_b
Lair:6:   evilmike_catoblepas_cave
Snake:1:  serial_shops, shop
Snake:3:  nicolae_snake_horde_hoard, uniq_aizul, uniq_vashnia
Snake:4:  grunt_snake_rune_pools, spider_trap, serial_bayou_pond_b,
          minmay_shoptagon
Orc:2:    st_orc_ogre_mass
Depths:1: enter_ziggurat_e, minmay_strange_pillars, hell_entry,
          rand_demon_pan_entry_9, moated_statue, minivault_10,
          minmay_hidden_floor, minmay_shop_grove, uniq_enchantress
Ossuary:  ossuary_zaba_flooded
IceCv:    ice_cave_statue_garden_chambered

Skill      XL: |  1  2  3  4  5  6  7  8  9 10 11 12 13 14 15 16 17 |
---------------+----------------------------------------------------+-----
Dodging        | 3 4 5 6 8 10 11 12 13 14 | 14.3
Conjurations   | 2 3 4 5 6 8 9 10 11 12 14 | 14.2
Spellcasting   | 4 5 6 7 8 9 11 12 14 16 18 | 18.0
Air Magic      | 4 5 7 8 9 |  9.4
Fighting       | 1 3 5 6 7 8 9 |  9.6
Short Blades   | 3 4 6 |  6.8
Armour         | 2 3 5 6 8 |  8.3
Long Blades    | 4 6 7 |  7.9
Earth Magic    | 3 |  3.5
Necromancy     | 3 4 5 6 |  6.1
Hexes          | 9 14 16 | 16.4
Summonings     | 3 |  3.0
Translocations | 4 |  4.0
Charms         | 4 |  4.0
Stealth        | |  2.4

Action                   |  1- 3 |  4- 6 |  7- 9 | 10-12 | 13-15 | 16-18 || total
-------------------------+-------+-------+-------+-------+-------+-------++-------
Melee: Short sword       |    10 |    59 |    50 |       |       |       ||   119
       Whip              |     2 |       |       |       |       |       ||     2
       Morningstar       |       |       |    58 |     2 |       |       ||    60
       Dagger            |       |       |   193 |   498 |       |       ||   691
       Great sword       |       |       |       |   304 |  1986 |  1098 ||  3388
 Fire: Shortbow          |       |       |       |    64 |       |       ||    64
       Blowgun           |       |       |       |    23 |       |       ||    23
Throw: Stone             |    19 |    30 |    65 |   137 |    63 |       ||   314
 Cast: Shock             |    55 |    90 |   173 |   331 |    38 |       ||   687
       Repel Missiles    |     1 |     1 |     2 |     2 |     4 |    13 ||    23
       Swiftness         |       |     3 |       |       |       |     2 ||     5
       Static Discharge  |       |       |    46 |    50 |    26 |    27 ||   149
       Lightning Bolt    |       |       |       |    29 |    69 |     5 ||   103
       Bolt of Draining  |       |       |       |       |    12 |   129 ||   141
       Spider Form       |       |       |       |       |     1 |       ||     1
       Slow              |       |       |       |       |   190 |    66 ||   256
       Mephitic Cloud    |       |       |       |       |    23 |    12 ||    35
       Shroud of Golubri |       |       |       |       |     5 |    11 ||    16
       Conjure Flame     |       |       |       |       |     1 |     9 ||    10
       Blink             |       |       |       |       |     1 |     7 ||     8
       Confuse           |       |       |       |       |       |    75 ||    75
       Regeneration      |       |       |       |       |       |    61 ||    61
       Summon Butterflie |       |       |       |       |       |     5 ||     5
       Tukima's Dance    |       |       |       |       |       |     4 ||     4
       Sublimation of Bl |       |       |       |       |       |    68 ||    68
Invok: Divine Energy     |       |       |     1 |       |       |       ||     1
 Abil: End Transformatio |       |       |       |       |     1 |       ||     1
Evoke: Rod               |       |       |       |       |     9 |       ||     9
       Wand              |       |       |       |       |     6 |     4 ||    10
  Use: Scroll            |     2 |     5 |    13 |    24 |    19 |    11 ||    74
       Potion            |       |     1 |     5 |     1 |     3 |     5 ||    15
 Stab: Sleeping          |     2 |     1 |     2 |     4 |     1 |       ||    10
       Distracted        |       |       |     1 |     3 |     1 |       ||     5
       Confused          |       |       |       |     3 |    11 |    33 ||    47
  Eat: Chunk             |     4 |    10 |    16 |    46 |    47 |    19 ||   142
       Bread ration      |       |     1 |     2 |     3 |     9 |     3 ||    18
       Beef jerky        |       |       |     1 |     1 |     1 |       ||     3
       Fruit             |       |       |       |     4 |     7 |     1 ||    12
       Royal jelly       |       |       |       |     1 |     2 |       ||     3
       Meat ration       |       |       |       |       |       |     2 ||     2
       Pizza             |       |       |       |       |       |     1 ||     1
Armor: Robe              |    15 |    19 |       |       |       |       ||    34
       Leather armour    |       |       |    61 |       |       |       ||    61
       Ring mail         |       |       |    30 |   297 |   201 |       ||   528
       Ice dragon armour |       |       |       |       |   691 |   534 ||  1225
Dodge: Dodged            |    30 |    94 |   344 |   782 |  1226 |   683 ||  3159
       Deflected         |     1 |     1 |     4 |    14 |    18 |    52 ||    90
